 Dungeon Crawl Stone Soup version 0.24-a0-581-gc0fa6600bf (webtiles) character file.

Game seed: 15436608022758319512

3170 Aggronaut the Cleaver (level 9, 0/70 HPs)
             Began as a Red Draconian Berserker on Aug 23, 2019.
             Was a High Priest of Trog.
             Slain by a human
             ... wielding a +0 hand axe
              (2 damage)
             ... on level 7 of the Dungeon.
             The game lasted 00:18:27 (6556 turns).

Aggronaut the Cleaver (Red Draconian Berserker)     Turns: 6556, Time: 00:18:29

Health: 0/70       AC:  8    Str: 22    XL:     9   Next: 63%
Magic:  9/9        EV: 13    Int:  7    God:    Trog [*****.]
Gold:   311        SH:  5    Dex: 12    Spells: 8/8 levels left

rFire    + . .     SeeInvis .   a - +0 hand axe
rCold    . . .     Gourm    .   s - +0 buckler
rNeg     . . .     Faith    .   (armour unavailable)
rPois    .         Spirit   .   (helmet restricted)
rElec    .         Reflect  .   (no cloak)
rCorr    .         Harm     .   x - +0 pair of gloves
MR       .....                  (no boots)
Stlth    +.........             (no amulet)
HPRegen  0.21/turn              (no ring)
MPRegen  0.11/turn              (no ring)

@: lethally poisoned (0 -> -12), berserk cooldown, slowed, very slow
A: breathe fire, unfitting armour, fire resistance 1, cold-blooded, AC +7
a: Breathe Fire, Berserk, Trog's Hand, Brothers in Arms, Renounce Religion


You were on level 7 of the Dungeon.
You worshipped Trog.
Trog was extremely pleased with you.
You were very hungry.

You visited 1 branch of the dungeon, and saw 7 of its levels.

You collected 311 gold pieces.

Inventory:

Hand Weapons
 a - a +0 hand axe (weapon)
Missiles
 j - 17 poisoned darts (quivered)
Armour
 s - a +0 buckler (worn)
 x - a +0 pair of gloves (worn)
Wands
 u - a wand of random effects (28)
 y - a wand of flame (13)
 z - a wand of digging (4)
Scrolls
 c - a scroll of random uselessness {unknown}
 f - 2 scrolls of fog {unknown}
 g - a scroll of noise {unknown}
 h - a scroll of blinking {unknown}
 i - 3 scrolls of teleportation {unknown}
 l - a scroll of remove curse {unknown}
 p - 2 scrolls of amnesia {unknown}
 A - a scroll of enchant weapon {unknown}
 B - a scroll of silence {unknown}
Potions
 d - 3 potions of haste
 e - a potion of magic
 k - 2 potions of agility
 m - a potion of curing
 n - 3 potions of heal wounds
 o - a potion of flight {unknown}
 q - a potion of cancellation
 r - 2 potions of might
 v - a potion of lignification {unknown}
 w - 3 potions of brilliance {unknown}
Comestibles
 b - 5 rations


   Skills:
 - Level 3.2 Fighting
 * Level 12.9 Axes
 - Level 2.6 Dodging
 + Level 3.8 Shields


You had 8 spell levels left.
You didn't know any spells.
Your spell library contained the following spells:

 Spells                   Type           Power        Failure   Level  Hunger
 Corona                   Hex            #......      43%         1    ##.....
 Ensorcelled Hibernation  Hex/Ice        #.....       56%         2    ###....
 Confuse                  Hex            #.......     80%         3    ####...
 Dazzling Spray           Conj/Hex       #.....       80%         3    ####...
 Tukima's Dance           Hex            #.......     80%         3    ####...


Dungeon Overview and Level Annotations

Branches:
Dungeon (7/15)             Temple (0/1) D:4

Altars:
Ashenzari
Zin


Innate Abilities, Weirdness & Mutations

You can breathe blasts of fire.
Your fiery red scales are hard. (AC +7)
You cannot fit into any form of body armour.
Your flesh is heat resistant. (rF+)
You are cold-blooded and may be slowed by cold attacks.


Message History

You kill the worker ant!
Trog accepts your kill.
You slash the deep elf mage!
You are no longer berserk.
You are exhausted.
You feel yourself slow down.
The orc wizard gestures wildly while chanting.
The orc wizard seems to speed up.
* * * LOW HITPOINT WARNING * * *
You feel very sick.
A hog comes into view. x2
The deep elf mage barely misses you.
You see here a bullfrog corpse.
A hog comes into view.
* * * LOW HITPOINT WARNING * * *
You feel sick.
The hog squeals angrily.
The human hits you but does no damage. The hog closely misses you.
The human hits you with a +0 hand axe.
You die...

#####..).###..######.
#........#....#######
#.###...............<
#.# #...#####.#######
###..##††.# #
#..........# #
#........#.# .
#....#.hhh.# #
#......@p### .
#.<.####e# ### #{#
#Y# .o# #..o #...
##... #...


You could see a deep elf mage, 3 hogs, a human, a sky beast, an orc wizard and
an orc.

Vanquished Creatures
  Pikel (D:5)
  Eustachio (D:4)
  The ghost of feelmyfire the Cutter, an amateur HaGl of Uskayaw (D:4)
  An orc warrior (D:7)
  An ice beast (D:5)
  A phantom (D:7)
  2 slaves (D:5)
  2 sky beasts (D:7)
  4 ogres
  A centaur (D:7)
  2 big kobolds (D:4)
  6 bullfrogs
  2 scorpions
  2 crimson imps
  A quasit (D:7)
  2 hounds
  A centaur skeleton (D:5)
  2 orc priests (D:4)
  Ijyb (D:5)
  Terence (D:3)
  3 iguanas
  3 orc wizards
  5 worker ants
  2 killer bee zombies
  A hound skeleton (D:4)
  8 gnolls
  10 adders
  A shadow imp (D:7)
  2 oozes
  An adder skeleton (D:7)
  A worm (D:2)
  4 dart slugs
  A leopard gecko (D:5)
  17 orcs
  A ball python (D:1)
  6 giant cockroaches
  9 goblins
  6 hobgoblins
  14 jackals
  A quokka (D:7)
  3 bats
  20 frilled lizards
  16 kobolds
  2 leopard gecko skeletons
  9 rats
181 creatures vanquished.

Vanquished Creatures (collateral kills)
  A hound (D:5)
1 creature vanquished.

Grand Total: 182 creatures vanquished

Notes
Turn   | Place    | Note
-------+----------+-------------------------------------------
     0 | D:1      | Aggronaut the Draconian Berserker began the quest for the
                  | Orb.
     0 | D:1      | Reached XP level 1. HP: 19/19 MP: 1/1
    76 | D:1      | Reached XP level 2. HP: 25/26 MP: 2/2
   286 | D:1      | Reached ** piety under Trog
   307 | D:1      | Reached skill level 4 in Axes
   375 | D:1      | Reached XP level 3. HP: 21/31 MP: 3/3
  1295 | D:2      | Reached XP level 4. HP: 37/38 MP: 4/4
  1354 | D:2      | Reached skill level 5 in Axes
  1446 | D:2      | Reached *** piety under Trog
  2085 | D:3      | Noticed Terence
  2099 | D:3      | Killed Terence
  2099 | D:3      | Reached XP level 5. HP: 45/45 MP: 5/5
  2190 | D:3      | Reached skill level 6 in Axes
  2523 | D:4      | Found a runed translucent door.
  2523 | D:4      | Noticed feelmyfire's ghost (amateur HaGl)
  2805 | D:4      | Reached XP level 6. HP: 51/51 MP: 6/6
  2805 | D:4      | Reached **** piety under Trog
  2805 | D:4      | Reached skill level 7 in Axes
  2815 | D:4      | Found a staircase to the Ecumenical Temple.
  2874 | D:4      | HP: 1/76 [orc priest/divine providence (9)]
  3129 | D:4      | Reached skill level 8 in Axes
  3129 | D:4      | Your scales start taking on a fiery red colour.
  3129 | D:4      | Reached XP level 7. HP: 57/57 MP: 7/7
  3129 | D:4      | Gained mutation: Your flesh is heat resistant. (rF+) [Red
                  | Draconian growth]
  3238 | D:4      | Found a shattered altar of Ashenzari.
  3477 | D:4      | Noticed Eustachio
  3491 | D:4      | Killed Eustachio
  3637 | D:4      | Killed feelmyfire's ghost
  3637 | D:4      | Reached skill level 9 in Axes
  3696 | D:5      | Entered Level 5 of the Dungeon
  4005 | D:5      | Reached XP level 8. HP: 17/63 MP: 8/8
  4503 | D:5      | Reached skill level 10 in Axes
  4798 | D:5      | Noticed Pikel
  4814 | D:5      | Killed Pikel
  4814 | D:5      | Reached skill level 11 in Axes
  4840 | D:5      | Noticed Ijyb
  4868 | D:5      | Killed Ijyb
  5553 | D:6      | Reached XP level 9. HP: 54/70 MP: 9/9
  5788 | D:6      | Reached skill level 1 in Shields
  5888 | D:6      | Reached skill level 12 in Axes
  6284 | D:7      | Received a gift from Trog
  6387 | D:7      | Found a glowing silver altar of Zin.
  6411 | D:7      | Reached ***** piety under Trog
  6533 | D:7      | Noticed a deep elf mage
  6556 | D:7      | HP: 2/70 [poisoned by an orc warrior]
  6556 | D:7      | Slain by a human

Levels and vault maps discovered:
D:1:      co_arrival_two_rings, layout_basic, hangedman_decor_points,
          minmay_misc_feat_chi
D:2:      layout_loops_ring, first_ration, minivault_19, minmay_lizard_pond
D:3:      layout_basic, uniq_terence
D:4:      cheibrodos_thug_alley, layout_basic, minmay_temple_entry_glass,
          ebering_ghost_inner_flame, minmay_misc_feat_square, ashenzari_altar_1,
          uniq_eustachio
D:5:      layout_gridville, uniq_ijyb, uniq_pikel
D:6:      layout_rooms
D:7:      layout_rooms, lemuel_doored_altar, grunt_livestock, minmay_three_doors

Skill      XL: |  1  2  3  4  5  6  7  8  9 |
---------------+----------------------------+-----
Axes           | 4 5 6 8 9 11 12 | 12.9
Shields        | 3 |  3.8
Fighting       | |  3.2
Dodging        | |  2.6

Action                   |  1- 3 |  4- 6 |  7- 9 || total
-------------------------+-------+-------+-------++-------
Melee: Hand axe          |   125 |   185 |   306 ||   616
       Tailslap          |    12 |    20 |    41 ||    73
Invok: Berserk           |       |     6 |    12 ||    18
       Trog's Hand       |       |     1 |       ||     1
       Brothers in Arms  |       |       |     1 ||     1
  Use: Scroll            |     2 |     2 |     4 ||     8
 Stab: Sleeping          |       |     1 |     1 ||     2
  Eat: Chunk             |     1 |    11 |    15 ||    27
       Ration            |       |       |     2 ||     2
Armor: Skin              |    45 |    49 |    81 ||   175
Dodge: Dodged            |    89 |   111 |   158 ||   358
Block: Buckler           |       |       |    28 ||    28

Table legend:
 A = Non-vault XP
 B = Vault XP
 C = Vault XP percentage of total XP
 D = Non-vault monster count
 E = Vault monster count
 F = Vault count percentage of total count
                 A         B        C        D         E       F
            +---------+---------+-------+---------+---------+-------
      Total |    2995 |    1534 |  33.9 |     156 |      24 |  13.3
            +---------+---------+-------+---------+---------+-------
        D:1 |      65 |       0 |   0.0 |      30 |       0 |   0.0
        D:2 |      60 |       6 |   9.1 |      26 |       6 |  18.8
        D:3 |      89 |      36 |  28.8 |      17 |       1 |   5.6
        D:4 |     343 |     663 |  65.9 |      24 |      14 |  36.8
        D:5 |     663 |     721 |  52.1 |      27 |       2 |   6.9
        D:6 |     542 |       0 |   0.0 |       8 |       0 |   0.0
        D:7 |    1233 |     108 |   8.1 |      24 |       1 |   4.0
            +---------+---------+-------+---------+---------+-------
